Unix NetHack Version 5.0.0-0 post-release - last build Jul 14 2026 02:55:29 (1809b74e8187c3a3585e283601c3028b46cbbdcb,branch:main).

Game began 2026-07-15 03:17:49, ended 2026-07-15 04:12:29.

Jinnora, neutral female human Wizard

            -------------      --------
          ##............|      |...m..|
          # |...........|      |..@....
          # |...^........######%....*.|
          # |...........|     #--------
         ## -.-----------     #
  -----  )   #                #
  |....######[######          #
  |..\| #          ###        #
  |..%%##         ---.--------#
  |...|           |...........#              --------------            -------
  |..(|           |..........|               |............|    ########-.....|
  |...|           |.........>|              #.............|   ##       |...<.|
   ----           |.......[`.-###############|.............#####       .`....|
                  ------------              #-............|            -------
                                             ------------

Jinnora the Thaumaturge   St:25 Dx:15 Co:16 In:18 Wi:10 Ch:10  Neutral
Dlvl:13 $:1779 HP:0(71) Pw:66(66) AC:-4 Xp:9/4169 T:6881 

Latest messages:
 What do you want to write in the dust here? ELbereth
 What do you want to write with? [- ac-ehlnprtzEFOT or ?*] ?
 Do you want to add to the current engraving? [ynq] (y) n
 You wipe out the message that was written in the dust here.
 You write in the dust with a jeweled wand.
 What do you want to write in the dust here? Elbereth
 The bugs on the floor stop moving!
 What do you want to call? [ahklpqt-xzACDGJ-LPQSTX or ?*] ?
 Call a jeweled wand: sleep
 You see here a bugbear corpse.
 You swap places with your large cat.
 You kill the garter snake!
 You kill the garter snake!
 You see here a crude dagger.
 In what direction? 6
 This door is locked.
 Unlock it with your key? [ynq] (q) y
 You succeed in unlocking the door.
 In what direction? 6
 The door opens.
 The warhorse kicks!
 The warhorse bites!
 You hit the warhorse!
 The warhorse kicks!
 The warhorse bites!
 The warhorse just misses!
 The warhorse bites!
 You hit the warhorse!
 The warhorse kicks!
 The warhorse misses!
 The warhorse kicks!
 The warhorse misses!
 You kill the warhorse!
 There is an open door here.
 You see here a warhorse corpse.
 You see here 16 gold pieces.
 $ - 16 gold pieces (1779 in total).
 That iron skull cap is a giant mimic!
 You hit the giant mimic!
 The giant mimic hits!
 The giant mimic hits again!
 You hit the giant mimic!
 The giant mimic hits!
 The giant mimic hits again!
 You die...
 Do you want your possessions identified? [ynq] (y) y
 Do you want to see your attributes? [ynq] (y) y
 Do you want an account of creatures vanquished? [ynaq] (y) y
 Do you want to see your conduct and achievements? [ynq] (y) y
 Do you want to see the dungeon overview? [ynq] (y) y

Inventory:
 Coins    ('$')
  $ - 1779 gold pieces
 Weapons  (')')
  F - 6 uncursed +4 daggers (wielded)
 Armor    ('[')
  y - an uncursed +0 pair of gauntlets of power (being worn)
  L - an uncursed +0 pair of water walking boots
  k - an uncursed +0 shield of reflection (being worn)
  b - a blessed +1 cloak of magic resistance (being worn)
  s - an uncursed +0 mummy wrapping
  Z - an uncursed +3 dwarvish mithril-coat (being worn)
 Comestibles  ('%')
  I - 2 uncursed slime molds
  Y - 5 uncursed C-rations
  V - an uncursed carrot
  H - 4 uncursed food rations
  N - an uncursed lembas wafer
  B - an uncursed tripe ration
  W - a blessed homemade tin of tengu meat
  m - an uncursed lizard corpse
 Scrolls  ('?')
  D - a blessed scroll of confuse monster
  i - 2 uncursed scrolls of create monster
  U - an uncursed scroll of enchant armor
  u - an uncursed scroll of food detection
  K - an uncursed scroll of genocide
  Q - an uncursed scroll of remove curse
  P - a cursed scroll of remove curse
  v - an uncursed scroll of scare monster
  j - 3 uncursed scrolls of teleportation
 Potions  ('!')
  w - an uncursed potion of extra healing
  A - a blessed potion of full healing
  x - an uncursed potion of hallucination
  g - 3 uncursed potions of healing
  J - an uncursed potion of monster detection
  S - an uncursed potion of polymorph
  q - an uncursed potion of restore ability
  C - a cursed potion of sickness
  X - an uncursed potion of sleeping
 Rings    ('=')
  p - a cursed ring of hunger
  d - an uncursed ring of invisibility
  a - an uncursed ring of levitation
  e - an uncursed +3 ring of protection
 Wands    ('/')
  E - an uncursed wand of create monster (0:11)
  O - an uncursed wand of digging (0:2)
  T - an uncursed wand of make invisible (0:7)
  c - an uncursed wand of secret door detection (0:13)
  t - an uncursed wand of sleep (0:7)
  z - an uncursed wand of slow monster (0:5)
  h - an uncursed wand of stasis (0:3)
 Tools    ('(')
  f - an uncursed bugle
  R - an uncursed blindfold
  n - an uncursed magic marker (0:19)
  G - an uncursed skeleton key
  o - a blessed tinning kit (0:77)
  r - an uncursed towel
 Gems/Stones  ('*')
  l - an uncursed worthless piece of red glass

Jinnora the Wizard's attributes:

Background:
 You were a Thaumaturge, a level 9 female human Wizard.
 You were neutral, on a mission for Thoth
 who was opposed by Ptah (lawful) and Anhur (chaotic).
 You were right-handed.
 You were in the Dungeons of Doom, on level 13.
 You entered the dungeon 6881 turns ago.
 It was nighttime.
 There was a new moon in effect when your adventure ended.
 You had 4169 experience points, 951 more were needed to attain level 10.

Basics:
 You had 0 out of 71 hit points.
 You had all 66 energy points (spell power).
 Your armor class was -4.
 Your wallet contained 1779 zorkmids.
 Autopickup was off.

Final Characteristics:
 Your strength was 25 (base:11, innate limit:18/100).
 Your dexterity was 15 (limit:18).
 Your constitution was 16 (limit:18).
 Your intelligence was 18 (limit:18).
 Your wisdom was 10 (limit:18).
 Your charisma was 10 (limit:18).

Final Status:
 You were held by a giant mimic (northeast).
 You weren't hungry.
 You were unencumbered.
 You were wielding daggers.
 You had basic skill with dagger and could have enhanced that.

Final Attributes:
 You were piously aligned.
 You were magic-protected.
 You were fire resistant.
 You were sleep resistant.
 You were guarded.
 Your spell casting was impaired by metallic armor.
 You had reflection.
 You are dead.

Miscellaneous:
 You didn't encounter any bones levels.
 Total elapsed playing time was 54 minutes and 39 seconds.

Major events:
 Turn
    1: Jinnora the neutral female human Wizard entered the dungeon
 1081: attained the rank of Conjurer (level 3)
 1108: entered the Gnomish Mines
 1659: attained the rank of Thaumaturge (level 6)
 2391: reached Mine Town
 6881: killed by a giant mimic

Spells:
 Name                 Level Category     Fail Retention
 force bolt             1   attack       100%   61%-70%
 magic missile          2   attack       100%   61%-70%
 detect unseen          3   divination   100%  76%-100%
 extra healing          3   healing      100%  76%-100%
 knock                  1   matter       100%  76%-100%
 jumping                1   escape       100%  76%-100%

Skills:
 Fighting Skills
   bare handed combat [Unskilled]
   riding             [Unskilled]
 Weapon Skills
   dagger             [Basic]
   knife              [Unskilled]
   axe                [Unskilled]
   short sword        [Unskilled]
   club               [Unskilled]
   mace               [Unskilled]
   quarterstaff       [Basic]
   polearms           [Unskilled]
   spear              [Unskilled]
   trident            [Unskilled]
   sling              [Unskilled]
   dart               [Unskilled]
   shuriken           [Unskilled]
 Spellcasting Skills
   attack spells      [Basic]
   healing spells     [Unskilled]
   divination spells  [Unskilled]
   enchantment spells [Basic]
   clerical spells    [Unskilled]
   escape spells      [Unskilled]
   matter spells      [Unskilled]

Voluntary challenges:
 Character rerolling was not enabled.
 You never genocided any monsters.
 You never polymorphed an object.
 You never changed form.
 You used no wishes.
Achievements:
 You entered a shop.
 You attained the rank of Conjurer.
 You entered the Gnomish Mines.
 You attained the rank of Thaumaturge.
 You entered Minetown.
 You entered a temple.

 The Dungeons of Doom: levels 1 to 14
    Level 1:
       A sink.
    Level 2:
       An armor shop, some fountains.
    Level 3:
    Level 4:
       Stairs down to The Gnomish Mines.
    Level 5:
       An armor shop, a fountain.
    Level 6:
       A fountain.
    Level 7:
       Many fountains.
       Oracle of Delphi.
    Level 8:
       A sink.
    Level 9:
    Level 10:
       A grave.
    Level 11:
    Level 12:
       A grave.
    Level 13: <- You were here.
       A throne.
       Final resting place for
          you, killed by a giant mimic.
    Level 14:
       Summoned by Neferet the Green.
 The Gnomish Mines: levels 5 to 10
    Level 5:
    Level 6:
    Level 7:
       Many shops, a temple and an altar, some fountains.
    Level 8:
    Level 9:
    Level 10:


Vanquished creatures:
  a vampire
  a large mimic
  a giant zombie
  a sergeant
  a warg
  3 small mimics
  2 warhorses
  2 flaming spheres
  2 gargoyles
  a dwarf ruler
  a tengu
  a leocrotta
  a red naga
  3 pit vipers
  3 soldiers
 an amorous demon
  a chameleon
  a giant beetle
  a quivering blob
 an iron piercer
  a mumak
  a forest centaur
  2 gnome rulers
 an orc mummy
  a dwarf mummy
  2 brown puddings
 an owlbear
  a gold golem
  a Green-elf
  a lizard
  2 chickatrices
  a dingo
  a blue jelly
  a raven
  a gnome mummy
  a snake
  4 human zombies
  a rope golem
  5 bugbears
  a water nymph
  2 Mordor orcs
 an Uruk-hai
  2 rock piercers
  2 ponies
  2 yellow lights
 11 gnome leaders
  5 gnomish wizards
  a gray ooze
  2 giant ants
 10 dwarves
  2 kobold shamans
 14 hill orcs
  a rothe
  2 giant bats
  2 iguanas
  a gas spore
  3 hobbits
  a large kobold
  2 hobgoblins
  3 giant rats
  2 cave spiders
  4 brown molds
  a yellow mold
  a green mold
 32 gnomes
  6 garter snakes
  a gnome zombie
  2 geckos
  5 jackals
  a fox
  3 goblins
  4 sewer rats
  3 grid bugs
  4 lichens
  a kobold zombie
  6 newts
204 creatures vanquished.

No species were genocided or became extinct.

Game over:
                       ----------
                      /          \
                     /    REST    \
                    /      IN      \
                   /     PEACE      \
                  /                  \
                  |     Jinnora      |
                  |     1779 Au      |
                  |   killed by a    |
                  |   giant mimic    |
                  |                  |
                  |                  |
                  |       2026       |
                 *|     *  *  *      | *
        _________)/\\_//(\/(/\)/\//\/|_)_______

Goodbye Jinnora the Wizard...

You died in The Dungeons of Doom on dungeon level 13 with 18948 points,
and 1779 pieces of gold, after 6881 moves.
You were level 9 with a maximum of 71 hit points when you died.

